Workbook

Sheet 1. Pto.Resum.xCap.
B8: OBRA : | C8: Laboratorio Científico Especializado de la DIAN
B9: DIRECCION : | C9: Calle 65 BIS N° 88-81/85/91/99 - Bodega España - Alamo
B10: CIUDAD : | C10: Bogotá .D.C.
B11: FORMATO No.
B12: PRESUPUESTO RESUMIDO POR CAPITULOS
B13: FECHA : | C13: Abril 06 de 2016 rev. Octubre 25 de 2016
B15: CAPITULO | C15: DESCRIPCION | E15: VALOR TOTAL | F15: Valor M2 | G15: %
B17: 1 | C17: PRELIMINARES GENERALES | E17: =+'2. Presupuesto Detallado'!G38 -> 118642343 | F17: =+E17/$E$44 -> 18757.683 | G17: =+E17/$E$42 -> 0.0089458944
B18: 2 | C18: DESMONTES y DEMOLICIONES | E18: =+'2. Presupuesto Detallado'!G73 -> 470103636 | F18: =+E18/$E$44 -> 74324.686 | G18: =+E18/$E$42 -> 0.035446851
B19: 3 | C19: CIMENTACION | E19: =+'2. Presupuesto Detallado'!G136 -> 2.3195664e+09 | F19: =+E19/$E$44 -> 366729.87 | G19: =+E19/$E$42 -> 0.17490043
B20: 4 | C20: ESTRUCTURA EN CONCRETO | E20: =+'2. Presupuesto Detallado'!G180 -> 1.5197722e+09 | F20: =+E20/$E$44 -> 240280.18 | G20: =+E20/$E$42 -> 0.11459417
B21: 5 | C21: ESTRUCTURA METALICA | E21: =+'2. Presupuesto Detallado'!G195 -> 9.4397131e+08 | F21: =+E21/$E$44 -> 149244.48 | G21: =+E21/$E$42 -> 0.07117752
B22: 6 | C22: MAMPOSTERIA INTERIOR | E22: =+'2. Presupuesto Detallado'!G233 -> 5.1024764e+08 | F22: =+E22/$E$44 -> 80671.564 | G22: =+E22/$E$42 -> 0.038473798
B23: 7 | C23: PAÑETES | E23: =+'2. Presupuesto Detallado'!G242 -> 1.5811356e+08 | F23: =+E23/$E$44 -> 24998.192 | G23: =+E23/$E$42 -> 0.011922111
B24: 8 | C24: FACHADAS | E24: =+'2. Presupuesto Detallado'!G253 -> 1.2873329e+09 | F24: =+E24/$E$44 -> 203530.89 | G24: =+E24/$E$42 -> 0.097067741
B25: 9 | C25: CARPINTERIA EN ALUMINIO | E25: =+'2. Presupuesto Detallado'!G292 -> 1.8764865e+09 | F25: =+E25/$E$44 -> 296677.71 | G25: =+E25/$E$42 -> 0.14149122
B26: 10 | C26: IMPERMEABILIZACIONES | E26: =+'2. Presupuesto Detallado'!G312 -> 1.5620802e+08 | F26: =+E26/$E$44 -> 24696.92 | G26: =+E26/$E$42 -> 0.011778429
B27: 11 | C27: CUBIERTAS | E27: =+'2. Presupuesto Detallado'!G345 -> 4.8764996e+08 | F27: =+E27/$E$44 -> 77098.807 | G27: =+E27/$E$42 -> 0.036769883
B28: 12 | C28: CIELOS RASOS | E28: =+'2. Presupuesto Detallado'!G356 -> 6.3276905e+08 | F28: =+E28/$E$44 -> 100042.54 | G28: =+E28/$E$42 -> 0.047712182
B29: 13 | C29: BASES PARA PISOS | E29: =+'2. Presupuesto Detallado'!G363 -> 48788390 | F29: =+E29/$E$44 -> 7713.5795 | G29: =+E29/$E$42 -> 0.0036787523
B30: 14 | C30: ACABADOS DE PISOS | E30: =+'2. Presupuesto Detallado'!G396 -> 9.6717822e+08 | F30: =+E30/$E$44 -> 152913.55 | G30: =+E30/$E$42 -> 0.072927372
B31: 15 | C31: ENCHAPES CERAMICOS | E31: =+'2. Presupuesto Detallado'!G405 -> 1.7014055e+08 | F31: =+E31/$E$44 -> 26899.692 | G31: =+E31/$E$42 -> 0.012828973
B32: 16 | C32: ENCHAPES Y ACCESORIOS EN GRANITO | E32: =+'2. Presupuesto Detallado'!G411 -> 20547106 | F32: =+E32/$E$44 -> 3248.5543 | G32: =+E32/$E$42 -> 0.0015492971
B33: 17 | C33: CARPINTERIA DE MADERA | E33: =+'2. Presupuesto Detallado'!G420 -> 41139413 | F33: =+E33/$E$44 -> 6504.255 | G33: =+E33/$E$42 -> 0.0031020025
B34: 18 | C34: CARPINTERIA METALICA | E34: =+'2. Presupuesto Detallado'!G482 -> 5.3050142e+08 | F34: =+E34/$E$44 -> 83873.742 | G34: =+E34/$E$42 -> 0.040000977
B35: 19 | C35: APARATOS Y ACCESORIOS | E35: =+'2. Presupuesto Detallado'!G511 -> 1.4463569e+08 | F35: =+E35/$E$44 -> 22867.302 | G35: =+E35/$E$42 -> 0.01090585
B36: 20 | C36: SEÑALIZACION | E36: =+'2. Presupuesto Detallado'!G519 -> 28876173 | F36: =+E36/$E$44 -> 4565.4029 | G36: =+E36/$E$42 -> 0.0021773272
B37: 21 | C37: VIDRIOS ESPEJOS Y CERRADURAS | E37: =+'2. Presupuesto Detallado'!G535 -> 1.5765154e+08 | F37: =+E37/$E$44 -> 24925.145 | G37: =+E37/$E$42 -> 0.011887274
B38: 22 | C38: PINTURA | E38: =+'2. Presupuesto Detallado'!G542 -> 2.4676809e+08 | F38: =+E38/$E$44 -> 39014.718 | G38: =+E38/$E$42 -> 0.018606859
B39: 23 | C39: ASEO GENERAL | E39: =+'2. Presupuesto Detallado'!G548 -> 45873870 | F39: =+E39/$E$44 -> 7252.7858 | G39: =+E39/$E$42 -> 0.003458991
B40: 24 | C40: OBRAS EXTERIORES y PAISAJISMO | E40: =+'2. Presupuesto Detallado'!G586 -> 1.7477137e+08 | F40: =+E40/$E$44 -> 27631.837 | G40: =+E40/$E$42 -> 0.013178147
B41: 25 | C41: COCINAS | E41: =+'2. Presupuesto Detallado'!G604 -> 2.0447601e+08 | F41: =+E41/$E$44 -> 32328.223 | G41: =+E41/$E$42 -> 0.015417942
C42: COSTO DIRECTO Obra Civil y Arquitectonica | E42: =SUM(E17:E41) -> 1.3262211e+10 | F42: =+E42/E44 -> 2096792.3 | G42: =SUM(G17:G41) -> 1
C44: Area Construida | D44: m2 | E44: =+'2. Presupuesto Detallado'!G608 -> 6325
C45: Valor M2 C.D. | E45: =+E42/E44 -> 2096792.3
C47: ADMINISTRACION | D47: =+'2. Presupuesto Detallado'!E611 -> 0.19610434 | E47: =+'2. Presupuesto Detallado'!G611 -> 2.6007773e+09
C48: IMPREVISTOS | D48: =+'2. Presupuesto Detallado'!E612 -> 0.01 | E48: =+'2. Presupuesto Detallado'!G612 -> 1.3262211e+08
C49: UTILIDAD | D49: =+'2. Presupuesto Detallado'!E613 -> 0.06 | E49: =+'2. Presupuesto Detallado'!G613 -> 7.9573268e+08
C50: I V A sobre Utilidad | D50: =+'2. Presupuesto Detallado'!E614 -> 0.16 | E50: =+'2. Presupuesto Detallado'!G614 -> 1.2731723e+08
C51: TOTAL A I U | D51: =+E51/E42 -> 0.27570434 | E51: =SUM(E47:E50) -> 3.6564493e+09
C53: COSTO TOTAL Obra Civil y Arquitectonica | E53: =E42+E51 -> 1.6918661e+10
C55: Area Construida | D55: m2 | E55: =+'2. Presupuesto Detallado'!G608 -> 6325
C56: Valor M2 C.T. | E56: =+E53/E55 -> 2674887.1
B59: 26 | C59: INSTALACIONES HIDROSANITARIAS y GAS | E59: =+'2. Presupuesto Detallado'!G983 -> 1.0675392e+09 | F59: =+E59/$E$72 -> 168780.9 | G59: =+E59/$E$70 -> 0.072145462
B60: 27 | C60: RED CONTRA INCENDIO | E60: =+'2. Presupuesto Detallado'!G1079 -> 6.5182081e+08 | F60: =+E60/$E$72 -> 103054.67 | G60: =+E60/$E$70 -> 0.04405076
B61: 28 | C61: GASES ESPECIALES | E61: =+'2. Presupuesto Detallado'!G1144 -> 1.5470456e+09 | F61: =+E61/$E$72 -> 244592.19 | G61: =+E61/$E$70 -> 0.10455103
B62: 29 | C62: =+'2. Presupuesto Detallado'!C1146 -> SISTEMA TRATAMIENTO AMBIENTAL | E62: =+'2. Presupuesto Detallado'!G1185 -> 99127658 | F62: =+E62/$E$72 -> 15672.357 | G62: =+E62/$E$70 -> 0.006699155
B63: 30 | C63: AIRE ACONDICIONADO Y VENTILACION MECANICA | E63: =+'2. Presupuesto Detallado'!G1469 -> 2.0245848e+09 | F63: =+E63/$E$72 -> 320092.46 | G63: =+E63/$E$70 -> 0.13682365
B64: 31 | C64: INSTALACIONES DE AIRE COMPRIMIDO | E64: =+'2. Presupuesto Detallado'!G1491 -> 1.4728687e+08 | F64: =+E64/$E$72 -> 23286.461 | G64: =+E64/$E$70 -> 0.0099538069
B65: 32 | C65: INSTALACIONES ELECTRICAS | E65: =+'2. Presupuesto Detallado'!G2025 -> 1.836416e+09 | F65: =+E65/$E$72 -> 290342.46 | G65: =+E65/$E$70 -> 0.124107
B66: 33 | C66: AUTOMATIZACION | E66: =+'2. Presupuesto Detallado'!G2141 -> 3.0480981e+09 | F66: =+E66/$E$72 -> 481912.75 | G66: =+E66/$E$70 -> 0.20599379
B67: 34 | C67: SISTEMA DE CABLEADO ESTRUCTURADO | E67: =+'2. Presupuesto Detallado'!G2226 -> 1.0068894e+09 | F67: =+E67/$E$72 -> 159192 | G67: =+E67/$E$70 -> 0.068046682
B68: 35 | C68: EQUIPOS ESPECIALES | E68: =+'2. Presupuesto Detallado'!G2241 -> 1.3161975e+09 | F68: =+E68/$E$72 -> 208094.47 | G68: =+E68/$E$70 -> 0.08895006
B69: 36 | C69: SISTEMA TECNOLOGIA ACTIVA | E69: =+'2. Presupuesto Detallado'!G2272 -> 2.0520329e+09
C70: COSTO DIRECTO Instalaciones y Equipos | E70: =SUM(E59:E69) -> 1.4797039e+10 | F70: =+E70/E72 -> 2339452.8 | G70: =SUM(G44:G68) -> 0.86132138 | Q70: =+E70+E42 -> 2.805925e+10
C72: Area Construida | D72: m2 | E72: =+'2. Presupuesto Detallado'!G2276 -> 6325
C73: Valor M2 C.D. | E73: =+E70/E72 -> 2339452.8
C75: ADMINISTRACION | D75: =+'2. Presupuesto Detallado'!E2279 -> 0.19610434 | E75: =+E$70*$D75 -> 2.9017636e+09
C76: IMPREVISTOS | D76: =+'2. Presupuesto Detallado'!E2280 -> 0.01 | E76: =+E$70*$D76 -> 1.4797039e+08
C77: UTILIDAD | D77: =+'2. Presupuesto Detallado'!E2281 -> 0.02 | E77: =+E$70*$D77 -> 2.9594078e+08
C78: I V A sobre Utilidad | D78: =+'2. Presupuesto Detallado'!E2282 -> 0.16 | E78: =+E77*D78 -> 47350525
C79: TOTAL A I U | D79: =+E79/E70 -> 0.22930434 | E79: =SUM(E75:E78) -> 3.3930253e+09
C81: COSTO TOTAL Instalaciones y Equipos | E81: =E70+E79 -> 1.8190064e+10
C83: Area Construida | D83: m2 | E83: =+E72 -> 6325
C84: Valor M2 C.T. | E84: =+E81/E83 -> 2875899.5
B87: 37 | C87: AMOBLAMIENTO OFICINA ABIERTA | E87: =+'2. Presupuesto Detallado'!G2496 -> 1.1261435e+09
B88: 38 | C88: MOBILIARIO ZONA TRABAJO LABORATORIOS | E88: =+'2. Presupuesto Detallado'!G2588 -> 1.1200141e+09
C89: SUBTOTAL Amoblamiento y Mobiliario | E89: =SUM(E87:E88) -> 2.2461576e+09
C90: I.V.A. | D90: =+E90/E89 -> 0.16 | E90: =+'2. Presupuesto Detallado'!G2592 -> 3.5938522e+08
C91: TOTAL Amoblamiento y Mobiliario | E91: =+E89+E90 -> 2.6055428e+09
C93: COSTO TOTAL CONSTRUCCION | E93: =+E53+E81+E91 -> 3.7714268e+10
C95: GASTOS REEMBOLSAB LES | D95: =+'2. Presupuesto Detallado'!E2602 -> #REF! | E95: =+'2. Presupuesto Detallado'!G2602 -> #REF!
C96: HONORARIOS DE INTERVENTORIA | D96: =+'2. Presupuesto Detallado'!E2603 -> #REF! | E96: =+'2. Presupuesto Detallado'!G2603 -> #REF!
C97: I.V.A sobre honorarios interventoria | D97: =+'2. Presupuesto Detallado'!E2604 -> #REF! | E97: =+'2. Presupuesto Detallado'!G2604 -> #REF!
C98: COSTO TOTAL INTERVENTORIA | D98: =+'2. Presupuesto Detallado'!E2606 -> #REF! | E98: =SUM(E95:E97) -> #REF!
C101: COSTO TOTAL PROYECTO | E101: =+E93+E98 -> #REF!

Sheet 2. Presupuesto Detallado
B8: OBRA : | C8: Laboratorio Científico Especializado de la DIAN
B9: DIRECCION : | C9: Calle 65 BIS N° 88-81/85/91/99 - Bodega España - Alamo
B10: CIUDAD : | C10: Bogotá .D.C.
B12: FORMATO No. 1
B13: CANTIDADES DE OBRA Y PRESUPUESTO
B15: FECHA : | C15: Abril 06 de 2016 rev. Octubre 25 de 2016
B17: CAPITULO | C17: DESCRIPCION | D17: UNID. | E17: CANTIDAD | F17: VALOR UNITARIO | G17: VALOR TOTAL
B19: 1 | C19: PRELIMINARES GENERALES
C20: LOCALIZACION y REPLANTEO
B21: =+B19+0.01 -> 1.01 | C21: Localizacion y Replanteo | D21: m2 | E21: 6325 | F21: 2192.0604 | G21: =ROUND((E21*F21),0) -> 13864782
C22: CAMPAMENTO y CERRAMIENTO
B23: =+B21+0.01 -> 1.02 | C23: Campamento en Mamposteria | D23: m2 | E23: 150 | F23: 136810.29 | G23: =ROUND((E23*F23),0) -> 20521544
B24: =+B23+0.01 -> 1.03 | C24: Letrinas en Mamposteria | D24: und | E24: 5 | F24: 509637.01 | G24: =ROUND((E24*F24),0) -> 2548185
B25: =+B24+0.01 -> 1.04 | C25: Cerramiento Provisional en Laminas Galvanizada h=2m | D25: ml | E25: 80 | F25: 83479.341 | G25: =ROUND((E25*F25),0) -> 6678347
B26: =+B25+0.01 -> 1.05 | C26: Valla de identificacion (Licencia de Construccion) | D26: und | E26: 1 | F26: 259885.24 | G26: =ROUND((E26*F26),0) -> 259885
B27: =+B26+0.01 -> 1.06 | C27: Descapote a Maquina en material comun e<=30 cm. ( Incluye retiro, cargue y transprote fuera de la obra) | D27: m2 | E27: 6791 | F27: 9377.1742 | G27: =ROUND((E27*F27),0) -> 63680390
B28: =+B27+0.01 -> 1.07 | C28: Extendida y Afirmado en Rajon para Via Provisional Acceso Mixers | D28: m3 | E28: 73 | F28: 43498.047 | G28: =ROUND((E28*F28),0) -> 3175357
C29: PROVISIONALES DE SERVICIOS PUBLICOS
B30: =+B28+0.01 -> 1.08 | C30: Provisional de Agua | D30: un | E30: 1 | F30: 532390.62 | G30: =ROUND((E30*F30),0) -> 532391
B31: =+B30+0.01 -> 1.09 | C31: Provisional de Telefono | D31: un | E31: 1 | F31: 282290.33 | G31: =ROUND((E31*F31),0) -> 282290
B32: =+B31+0.01 -> 1.1 | C32: Provisional de Energia | D32: un | E32: 1 | F32: 2534192.3 | G32: =ROUND((E32*F32),0) -> 2534192
C33: Derechos Provisionales
B34: =+B32+0.01 -> 1.11 | C34: Solicitud de Servicio Temporal (TPO) de Acueducto y ejecución de la Obra respectiva para conexión en andén (sin importar el tipo) de 1 1/2" - 2". La tramitología contempla el diligenciamiento de formularios, cronograma de actividades, planos actualizados y georeferenciados, levantamiento de redes en caso de ser necesario, memorias de cálculo, autorizaciones de las entidades competentes en caso de estar en sectores patrimoniales o aledaños, especificaciones técnicas, registros fotográficos, y demás documentos relacionados. La ejecución de Obra contempla la excavación, tubería, accesorios, conexión a la red principal y a red interna, recuperación del espacio público (andén del mismo tipo intervenido) y retiro y disposición de escombros, y porcentaje respectivo de los costos de Revisión de diseños por la empresa de acueducto y costos de la Interventoría por parte de la empresa de acueducto. Incluye las correcciones de los documentos y anexos hasta el momento en que el Servicio Temporal (TPO) sea aprobado por parte de la empresa de acueducto. NO incluye medidor ni registro de usuario (bola) | D34: un | E34: 1 | F34: 1791529.3 | G34: =ROUND((E34*F34),0) -> 1791529
B35: =+B34+0.01 -> 1.12 | C35: Solicitud de Servicio Temporal (TPO) de Alcantarillado (A. Negras y A. Lluvias) y ejecución de la Obra respectiva para conexión en andén (sin importar el tipo) de 6" - 8" en tubería de alcantarillado corrugada PVC. La tramitología contempla el diligenciamiento de formularios, cronograma de actividades, planos actualizados y georeferenciados, levantamiento de redes en caso de ser necesario, memorias de cálculo, autorizaciones de las entidades competentes en caso de estar en sectores patrimoniales o aledaños, especificaciones técnicas, registros fotográficos, pólizas respectivas solicitadas por el la empresa de acueductoy acordes a la ejecución de la obra, y demás documentos relacionados. La ejecución de Obra contempla la excavación, tubería, accesorios, conexión a la red principal, recuperación del espacio público (andén del mismo tipo intervenido) y retiro y disposición de escombros, y porcentaje respectivo de los costos de Revisión de diseños por la la empresa de acueductoy costos de la Interventoría por parte de la EAAB. Incluye las correcciones de los documentos y anexos hasta el momento en que el Servicio Temporal (TPO) sea aprobado por parte de la EAAB. NO incluye cajas de inspección | D35: un | E35: 1 | F35: 1596605.2 | G35: =ROUND((E35*F35),0) -> 1596605
B36: =+B35+0.01 -> 1.13 | C36: Solicitud de Provisional de Obra de Energía con cargas menores a 34 kW y ejecución de la Obra respectiva. La tramitología contempla el diligenciamiento de formularios, cronograma de actividades, planos actualizados y georeferenciados, autorizaciones de las entidades competentes en caso de estar en sectores patrimoniales o aledaños, especificaciones técnicas, registros fotográficos, y demás documentos relacionados. La ejecución de Obra contempla el cableado, accesorios, conexión a la red principal, suministro e instalación del medidor provisional, y complementarios. Incluye las adecuaciónes necesarias en obra y las correciones de los documentos y anexos hasta el momento en que la Provisional de Obra sea aprobado por parte de la enpresa de energía. | D36: un | E36: 1 | F36: 1083023.5 | G36: =ROUND((E36*F36),0) -> 1083023
B37: =+B36+0.01 -> 1.14 | C37: Solicitud de Línea Telefónica con servicio de Internet Banda Ancha y ejecución de la Obra respectiva. La tramitología contempla el diligenciamiento de formularios, planos actualizados y georeferenciados en caso de ser necesarios, autorizaciones de las entidades competentes en caso de estar en sectores patrimoniales o aledaños, y demás documentos relacionados. La ejecución de Obra contempla el cableado, accesorios, conexión a la red principal, y complementarios. Incluye las adecuaciónes necesarias en obra y las correciones de los documentos y anexos hasta el momento en que la Linea Telefónica sea aprobado e instalada | D37: un | E37: 1 | F37: 93822.781 | G37: =ROUND((E37*F37),0) -> 93823
C38: SUB-TOTAL | G38: =SUM(G20:G37) -> 118642343
B40: =+B19+1 -> 2 | C40: DESMONTES y DEMOLICIONES
C41: DESMONTES
B42: =+B40+0.01 -> 2.01 | C42: Desmonte Canaleta de Asbesto Cemento Cubierta con claraboyas y sistemas de fijación. Incluye trasiego, cargue, retiro, transporte y deposición fuera de la obra. | D42: m2 | E42: 2184.814 | F42: 15109.797 | G42: =ROUND((E42*F42),0) -> 33012097
B43: =+B42+0.01 -> 2.02 | C43: Desmonte Caballete de Asbesto Cemento Cubierta y sistemas de fijación. Incluye trasiego, cargue, retiro, transporte y deposición fuera de la obra. | D43: ml | E43: 116 | F43: 13749.916 | G43: =ROUND((E43*F43),0) -> 1594990
B44: =+B43+0.01 -> 2.03 | C44: Desmonte de Flanches, Canales o similares en Lamina Galvanizada Cubierta y sistema de fijación. Incluye trasiego, cargue, retiro, transporte y deposicion fuera de la obra | D44: ml | E44: 190 | F44: 6485.7196 | G44: =ROUND((E44*F44),0) -> 1232287
B45: =+B44+0.01 -> 2.04 | C45: Desmonte de Rejas Metalicas y sistema de fijación. Incluye trasiego, cargue, retiro, transporte y deposicion fuera de la obra | D45: m2 | E45: 66 | F45: 11649.281 | G45: =ROUND((E45*F45),0) -> 768853
B46: =+B45+0.01 -> 2.05 | C46: Desmonte de Ventaneria con Vidrio y sistema de fijación. Incluye trasiego, cargue, retiro, transporte y deposicion fuera de la obra | D46: m2 | E46: 65 | F46: 11649.281 | G46: =ROUND((E46*F46),0) -> 757203
B47: =+B46+0.01 -> 2.06 | C47: Desmonte de Portones y Puertas Metalicas y sistema de fijación. Incluye trasiego, cargue, retiro, transporte y deposicion fuera de la obra | D47: m2 | E47: 67 | F47: 23298.563 | G47: =ROUND((E47*F47),0) -> 1561004
B48: =+B47+0.01 -> 2.07 | C48: Desmonte de Cerramientos Interiores en Malla Eslabonada y sistema de soporte. Incluye trasiego, cargue, retiro, transporte y deposicion fuera de la obra | D48: m2 | E48: 464 | F48: 11649.281 | G48: =ROUND((E48*F48),0) -> 5405267
B49: =+B48+0.01 -> 2.08 | C49: Desmonte Luminarias (de cualquier referencia) y sistema de fijación. Incluye trasiego, cargue, retiro, transporte y deposicion fuera de la obra | D49: und | E49: 63 | F49: 15205.86 | G49: =ROUND((E49*F49),0) -> 957969
B50: =+B49+0.01 -> 2.09 | C50: Desmonte y Cancelacion Red Electrica General (tuberias, ductos, canaletas, cajas, tableros, cableado, etc.) y sistema de fijación. Incluye trasiego, cargue, retiro, transporte y deposicion fuera de la obra | D50: un | E50: 1 | F50: 6820129.3 | G50: =ROUND((E50*F50),0) -> 6820129
B51: =+B50+0.01 -> 2.1 | C51: Desmonte y Cancelacion Red Hidrosanitaria General (tuberias y accesorios de cualquier tipo) y sistema de fijación. Incluye trasiego, cargue, retiro, transporte y deposicion fuera de la obra | D51: un | E51: 1 | F51: 8870481.6 | G51: =ROUND((E51*F51),0) -> 8870482
B52: =+B51+0.01 -> 2.11 | C52: Desmonte de Cerchas Metalicas Principales y sistema de fijación. Incluye trasiego, cargue, retiro, transporte y deposicion fuera de la obra | D52: ml | E52: 172 | F52: 38817.573 | G52: =ROUND((E52*F52),0) -> 6676623
B53: =+B52+0.01 -> 2.12 | C53: Desmonte de Cerchas Metalicas Secundarias y sistema de fijación. Incluye trasiego, cargue, retiro, transporte y deposicion fuera de la obra | D53: ml | E53: 640 | F53: 38817.573 | G53: =ROUND((E53*F53),0) -> 24843247
B54: =+B53+0.01 -> 2.13 | C54: Desmonte Vigas Perfil Estructural Metalico y sistema de fijación. Incluye trasiego, cargue, retiro, transporte y deposicion fuera de la obra | D54: ml | E54: 20 | F54: 38817.573 | G54: =ROUND((E54*F54),0) -> 776351
B55: =+B54+0.01 -> 2.14 | C55: Desmonte Columnas Perfil Estructural Metalico y sistema de fijación. Incluye trasiego, cargue, retiro, transporte y deposicion fuera de la obra | D55: ml | E55: 7 | F55: 38817.573 | G55: =ROUND((E55*F55),0) -> 271723
C56: DEMOLICIONES
B57: =+B55+0.01 -> 2.15 | C57: Demolición Integral Muros en Ladrillo Tolete Macizo espesor a=15 cm. Incluye trasiego, cargue, retiro, transporte y deposicion fuera de la obra | D57: m2 | E57: 1215 | F57: 14865.15 | G57: =ROUND((E57*F57),0) -> 18061157
B58: =+B57+0.01 -> 2.16 | C58: Demolición Integral Muros en Blolque de Arcilla espesor a=15 cm (con o sin pañete). Incluye trasiego, cargue, retiro, transporte y deposicion fuera de la obra | D58: m2 | E58: 1386 | F58: 14865.15 | G58: =ROUND((E58*F58),0) -> 20603098
B59: =+B58+0.01 -> 2.17 | C59: Demolicion Integral Columnetas y Viguetas de Confinamiento Mamposteria en Concreto Reforzado. Incluye trasiego, cargue, retiro, transporte y deposicion fuera de la obra | D59: m3 | E59: 25 | F59: 224352.06 | G59: =ROUND((E59*F59),0) -> 5608802
B60: =+B59+0.01 -> 2.18 | C60: Demolicion Integral Vigas Aereas en Concreto Reforzado. Incluye trasiego, cargue, retiro, transporte y deposicion fuera de la obra | D60: m3 | E60: 68 | F60: 224352.06 | G60: =ROUND((E60*F60),0) -> 15255940
B61: =+B60+0.01 -> 2.19 | C61: Demolicion Integral Columnas en Concreto Reforzado. Incluye trasiego, cargue, retiro, transporte y deposicion fuera de la obra | D61: m3 | E61: 44 | F61: 224352.06 | G61: =ROUND((E61*F61),0) -> 9871491
B62: =+B61+0.01 -> 2.2 | C62: Demolicion Integral Escaleras Aereas en Concreto Reforzado. Incluye trasiego, cargue, retiro, transporte y deposicion fuera de la obra | D62: m3 | E62: 4 | F62: 224352.06 | G62: =ROUND((E62*F62),0) -> 897408
B63: =+B62+0.01 -> 2.21 | C63: Demolicion Integral Losa Maciza Entrepiso en Concreto Reforzado espesor e=18 cm. Incluye trasiego, cargue, retiro, transporte y deposicion fuera de la obra | D63: m2 | E63: 821 | F63: 40383.41 | G63: =ROUND((E63*F63),0) -> 33154780
B64: =+B63+0.01 -> 2.22 | C64: Demolicion Integral Losa Steel-Deck en Concreto Reforzado espesor e=10 cm. Incluye trasiego, cargue, retiro, transporte y deposicion fuera de la obra | D64: m2 | E64: 276 | F64: 22435.112 | G64: =ROUND((E64*F64),0) -> 6192091
B65: =+B64+0.01 -> 2.23 | C65: Demolicion Integral Rampa Maciza Aerea en Concreto Reforzado espesor e=20 cm. Incluye trasiego, cargue, retiro, transporte y deposicion fuera de la obra | D65: m2 | E65: 31 | F65: 44870.224 | G65: =ROUND((E65*F65),0) -> 1390977
B66: =+B65+0.01 -> 2.24 | C66: Demolicion Integral Losa Maciza Tapa Tanque Agua en Concreto Reforzado espesor e=18 cm. Incluye trasiego, cargue, retiro, transporte y deposicion fuera de la obra | D66: m2 | E66: 2 | F66: 40383.41 | G66: =ROUND((E66*F66),0) -> 80767
B67: =+B66+0.01 -> 2.25 | C67: Demolicion Integral Muros Tanque de Agua en Concreto Reforzado. Incluye trasiego, cargue, retiro, transporte y deposicion fuera de la obra | D67: m3 | E67: 11 | F67: 224352.06 | G67: =ROUND((E67*F67),0) -> 2467873
B68: =+B67+0.01 -> 2.26 | C68: Demolicion Integral Losa Maciza Contrapiso en Concreto Reforzado espesor e=18 cm. Incluye trasiego, cargue, retiro, transporte y deposicion fuera de la obra | D68: m2 | E68: 2922 | F68: 40383.41 | G68: =ROUND((E68*F68),0) -> 118000324
B69: =+B68+0.01 -> 2.27 | C69: Excavacion Manual para Demolicion Elementos Cimentacion. Incluye trasiego, cargue, retiro, transporte y deposicion fuera de la obra | D69: m3 | E69: 2029 | F69: 47110.039 | G69: =ROUND((E69*F69),0) -> 95586269
... B72: =+B71+0.01 -> 2.3 | C72: Demolicion Integral Cajas de Inspeccion de 80 x 80 cm. Incluye trasiego, cargue, retiro, transporte y deposicion fuera de la obra | D72: und | E72: 10 | F72: 47568.48 | G72: =ROUND((E72*F72),0) -> 475685
C73: SUB-TOTAL | G73: =SUM(G42:G72) -> 470103636
B75: 3 | C75: CIMENTACION
C76: PILOTES
B77: =+B75+0.01 -> 3.01 | C77: Localizacion Pilotes | D77: und | E77: 593 | F77: 62548.521 | G77: =+E77*F77 -> 37091273
B78: =+B77+0.01 -> 3.02 | C78: Excavacion Prehuecos Pilotes D=30 cm | D78: und | E78: 300 | F78: 26575.824 | G78: =+E78*F78 -> 7972747.2
B79: =+B78+0.01 -> 3.03 | C79: Excavacion Prehuecos Pilotes D=20 cm | D79: und | E79: 293 | F79: 26575.824 | G79: =+E79*F79 -> 7786716.4
B80: =+B79+0.01 -> 3.04 | C80: Proceso - Excavacion Pilotes Tornillo D=30 cm ( 300 un x L~ 19 ml ) | D80: ml | E80: 5642 | F80: 41699.014 | G80: =+E80*F80 -> 2.3526584e+08
B81: =+B80+0.01 -> 3.05 | C81: Proceso - Excavacion Pilotes Tornillo D=20 cm ( L~ 17 ml )2 | D81: ml | E81: 4900 | F81: 31274.26 | G81: =+E81*F81 -> 1.5324388e+08
B82: =+B81+0.01 -> 3.06 | C82: Suministro, Manejo y Colocacion Refuerzo Pilotes | D82: kg | E82: 55326 | F82: 2880.3594 | G82: =+E82*F82 -> 1.5935876e+08
B83: =+B82+0.01 -> 3.07 | C83: Suministro, Manejo y Colocacion Tubo de Refuerzo de D=141 mm t=9.5 mm, para pilotes D=20 cm | D83: ml | E83: 1173.5441 | F83: 76270.624 | G83: =+E83*F83 -> 89506937
B84: =+B83+0.01 -> 3.08 | C84: Suministro Concreto Fundida Pilotes Tornillo D = 30 cm f'c=3.000 psi ( L~19 ml ) (expansion 15%) | D84: m3 | E84: 459 | F84: 363827.02 | G84: =+E84*F84 -> 1.669966e+08
B85: =+B84+0.01 -> 3.09 | C85: Suministro Concreto Fundida Pilotes Tornillo D = 20 cm f'c=3.000 psi ( L~17 ml ) (expansion 15%) | D85: m3 | E85: 177 | F85: 363827.02 | G85: =+E85*F85 -> 64397383
B86: =+B85+0.01 -> 3.1 | C86: Descabece de Pilotes D=30 cm h=<1.00 m | D86: und | E86: 300 | F86: 62121.106 | G86: =+E86*F86 -> 18636332
B87: =+B86+0.01 -> 3.11 | C87: Descabece de Pilotes D=20 cm h=<1.00 m | D87: und | E87: 293 | F87: 62121.106 | G87: =+E87*F87 -> 18201484
C88: EXCAVACIONES
B89: =+B87+0.01 -> 3.12 | C89: Excavacion Mecanica Subbase Contrapiso Niv.+0.00. ( incluye retiro, cargue y transporte fuera de la obra ) | D89: m3 | E89: 1239 | F89: 25019.408 | G89: =+E89*F89 -> 30999047
B90: =+B89+0.01 -> 3.13 | C90: Excavacion Manual Dados de Cimentación Niv.+0.00 . (Incluye retiro, cargue y transporte fuera de la obra) | D90: m3 | E90: 204 | F90: 49038.04 | G90: =+E90*F90 -> 10003760
B91: =+B90+0.01 -> 3.14 | C91: Excavacion Manual Zapatas de Cimentación Niv.+0.00 . (Incluye retiro, cargue y transporte fuera de la obra) | D91: m3 | E91: 67 | F91: 49038.04 | G91: =+E91*F91 -> 3285548.7
B92: =+B91+0.01 -> 3.15 | C92: Excavacion Manual Vigas de Cimentación Niv.+0.00 . (Incluye retiro, cargue y transporte fuera de la obra) | D92: m3 | E92: 264 | F92: 49038.04 | G92: =+E92*F92 -> 12946043
B93: =+B92+0.01 -> 3.16 | C93: Excavacion Tanque de Agua ( incluye retiro, cargue y transporte fuera de la obra ) | D93: m3 | E93: 532 | F93: 73553.933 | G93: =+E93*F93 -> 39130692
B94: =+B93+0.01 -> 3.17 | C94: Excavacion Desanerador y Pozos Eyectores (Incluye retiro, cargue y transporte fuera de la obra ) | D94: m3 | E94: 71 | F94: 73553.933 | G94: =+E94*F94 -> 5222329.2
B95: =+B94+0.01 -> 3.18 | C95: Excavacion Cuarto de Bombas Subterraneo (Incluye retiro, cargue y transporte fuera de la obra ) | D95: m3 | E95: 161 | F95: 73553.933 | G95: =+E95*F95 -> 11842183
B96: =+B95+0.01 -> 3.19 | C96: Excavacion Foso Ascensores y Montacargas ( incluye retiro, cargue y transporte fuera de la obra) | D96: m3 | E96: 212 | F96: 73553.933 | G96: =+E96*F96 -> 15593434
C97: PERFILADA y PROTECCION
B98: =+B96+0.01 -> 3.2 | C98: Perfilada Manual Fondo Excavacion | D98: m2 | E98: 2949 | F98: 3356.7706 | G98: =+E98*F98 -> 9899116.5
B99: =+B98+0.01 -> 3.21 | C99: Perfilada Manual Paredes Dados, Zapatas, Vigas | D99: m2 | E99: 1966 | F99: 3356.7706 | G99: =+E99*F99 -> 6599411
B100: =+B99+0.01 -> 3.22 | C100: Perfilada Manual Taludes Interiores Tanque, Fosos y Pozos | D100: m2 | E100: 428 | F100: 3356.7706 | G100: =+E100*F100 -> 1436697.8
B101: =+B100+0.01 -> 3.23 | C101: Pañete Proteccion Paredes Dados, Zapatas y Vigas | D101: m2 | E101: 1966 | F101: 14283.997 | G101: =+E101*F101 -> 28082338
B102: =+B101+0.01 -> 3.24 | C102: Pañete Proteccion Taludes Interiores | D102: m2 | E102: 428 | F102: 14283.997 | G102: =+E102*F102 -> 6113550.8
C103: RELLENOS
B104: =+B102+0.01 -> 3.25 | C104: Subbase Granular B-400, según especificación y recomendación del estudio de suelos, para placa contrapiso | D104: m3 | E104: 885 | F104: 54479.762 | G104: =+E104*F104 -> 48214589
B105: =+B104+0.01 -> 3.26 | C105: Relleno en Meterial Seleccionado Proveniente de la Excavacion Incluye : Extendida, Nivelacion, Humedecimiento y conpactacion ) | D105: m3 | E105: 656 | F105: 23164.845 | G105: =+E105*F105 -> 15196138
B106: =+B105+0.01 -> 3.27 | C106: Subdren en Gravilla de 1/2", de 0.40 x 0.80 m. Incluye suministro, compactación, geotextil NT-CR-700N y tuberia PVC corruga con filtro de 4" | D106: ml | E106: 379 | F106: 112121.35 | G106: =+E106*F106 -> 42493992
C107: ESCARIFICACION y ANCLAJES
B108: =+B106+0.01 -> 3.28 | C108: Escarificación Recubrimiento Superficial Elementos Existentes para Recalce de Dados, Zapatas y Vigas Cimentacion | D108: m2 | E108: 203 | F108: 26958 | G108: =+E108*F108 -> 5472474
B109: =+B108+0.01 -> 3.29 | C109: Limpieza de superficie escarificadas con chorro de agua a presión mínima de 2500 psi | D109: m2 | E109: 203 | F109: 21416.112 | G109: =+E109*F109 -> 4347470.7
B110: =+B109+0.01 -> 3.3 | C110: Tratamiento superficial con con Sikadur 32 primer o similiar para recalce y/o anlcaje de elementos de cimentación en concreto | D110: m2 | E110: 203 | F110: 48633.039 | G110: =+E110*F110 -> 9872506.8
B111: =+B110+0.01 -> 3.31 | C111: Anclaje : Perforacion + Inyección epoxico Ø 3/8" L = 14.29 cm | D111: und | E111: 534 | F111: 13174.922 | G111: =+E111*F111 -> 7035408.2
B112: =+B111+0.01 -> 3.32 | C112: Anclaje : Perforacion + Inyeccion epoxico Ø 1/2" L = 19.05 cm | D112: und | E112: 1432 | F112: 19288.085 | G112: =+E112*F112 -> 27620538
B113: =+B112+0.01 -> 3.33 | C113: Anclaje : Perforacion + Inyeccion epoxico Ø 5/8" L = 23.81 cm | D113: und | E113: 200 | F113: 27567.076 | G113: =+E113*F113 -> 5513415.2
B114: =+B113+0.01 -> 3.34 | C114: Anclaje : Perforacion + Inyeccion epoxico Ø 3/4" L = 28.57 cm | D114: und | E114: 40 | F114: 39567.496 | G114: =+E114*F114 -> 1582699.8
B115: =+B114+0.01 -> 3.35 | C115: Anclaje : Perforacion + Inyeccion epoxico Ø 7/8" L = 33.33 cm | D115: und | E115: 1 | F115: 57141.189 | G115: =+E115*F115 -> 57141.189
...

Sheet 3. A.I.U.
C6: OBRA : | D6: Laboratorio Científico Especializado de la DIAN
C7: DIRECCION : | D7: Calle 65 BIS N° 88-81/85/91/99 - Bodega España - Alamo
C8: CIUDAD : | D8: Bogotá .D.C.
C9: FORMATO No.
C11: FECHA : Abril 06 de 2016 rev. Octubre 25 de 2016
D12: DISCRIMINACION DEL A. I. U. | AG12: =+AG16/(AG16+AI16) -> 0.47265024 | AI12: =+AI16/(AG16+AI16) -> 0.52734976 | AM12: =+AG12+AI12 -> 1
E14: VALOR BASE | F14: F.P. | G14: Ded. | H14: Inc. | I14: M-1 | J14: M-2 | K14: M-3 | L14: M-4 | M14: M-5 | N14: M-6 | O14: M-7 | P14: M-8 | Q14: M-9 | R14: M-10 | S14: M-11 | T14: M-12 | U14: M-13 | V14: M-14 | W14: M-15 | X14: M-16 | Y14: M-17 | Z14: M-18 | AA14: M-19 | AB14: M-20 | AC14: T | AD14: TOTAL | AG14: Obra Civil | AI14: Insta.+Equipos | AK14: Amoblamiento | AM14: Total
C16: Costo Directo Total | AD16: =+AG16+AI16+AK16 -> 3.0305408e+10 | AG16: =+'2. Presupuesto Detallado'!G606 -> 1.3262211e+10 | AI16: =+'2. Presupuesto Detallado'!G2274 -> 1.4797039e+10 | AK16: =+'2. Presupuesto Detallado'!G2590 -> 2.2461576e+09 | AM16: =+AG16+AI16+AK16 -> 3.0305408e+10
C17: Administracion | AD17: =+AD43+AD56+AD63+AD68+AD99 -> 2.0113858e+09 | AG17: =+$AD17*AG$12 -> 9.5068198e+08 | AI17: =+$AD17*AI$12 -> 1.0607038e+09 | AM17: =+AG17+AI17+AK17 -> 2.0113858e+09
C18: Polizas | AD18: =+AD111 -> 5.2789196e+08 | AG18: =+$AD18*AG$12 -> 2.4950826e+08 | AI18: =+$AD18*AI$12 -> 2.783837e+08 | AM18: =+AG18+AI18+AK18 -> 5.2789196e+08
C19: Impuestos | AD19: =+AD117 -> 2.9632631e+09 | AG19: =+$AD19*AG$12 -> 1.400587e+09 | AI19: =+$AD19*AI$12 -> 1.5626761e+09 | AM19: =+AG19+AI19+AK19 -> 2.9632631e+09
C20: Imprevistos | AD20: =+AG20+AI20+AK20 -> 2.805925e+08 | AF20: 0.01 | AG20: =+AG$16*$AF20 -> 1.3262211e+08 | AH20: 0.01 | AI20: =+AI$16*$AH20 -> 1.4797039e+08 | AM20: =+AG20+AI20+AK20 -> 2.805925e+08
C21: Utilidad | AD21: =+AG21+AI21+AK21 -> 1.0916735e+09 | AF21: 0.06 | AG21: =+AG$16*$AF21 -> 7.9573268e+08 | AH21: 0.02 | AI21: =+AI$16*$AH21 -> 2.9594078e+08 | AM21: =+AG21+AI21+AK21 -> 1.0916735e+09
C22: I.V.A. sobre uilidad | AD22: =+AG22+AI22+AK22 -> 5.3405297e+08 | AG22: =+AG21*AF23 -> 1.2731723e+08 | AH22: 0.16 | AI22: =+AI21*AH22 -> 47350525 | AK22: =+AK16*AH22 -> 3.5938522e+08 | AM22: =+AG22+AI22+AK22 -> 5.3405297e+08
B23: Costo Total Proyecto | AD23: 3.7714268e+10 | AF23: 0.16 | AG23: =SUM(AG16:AG22) -> 1.6918661e+10 | AI23: =SUM(AI16:AI22) -> 1.8190064e+10 | AK23: =SUM(AK16:AK22) -> 2.6055428e+09 | AM23: =SUM(AM16:AM22) -> 3.7714268e+10 | AN23: =+AD23-AM23 -> 0
B25: Personal Administracion Obra
C26: Director de Obra | D26: mes | E26: =10331911 -> 10331911 | F26: 0.3635 | G26: 0.5 | H26: 1 | I26: 1 | J26: 1 | K26: 1 | L26: 1 | M26: 1 | N26: 1 | O26: 1 | P26: 1 | Q26: 1 | R26: 1 | S26: 1 | T26: 1 | U26: 1 | V26: 1 | W26: 1 | X26: 1 | Y26: 1 | AC26: =SUM(I26:AB26) -> 17 | AD26: =+E26*(1+F26)*G26*H26*AC26 -> 1.1974427e+08
C27: Ingeniero Residente Estructura | D27: mes | E27: =7873417 -> 7873417 | F27: 0.3635 | G27: 1 | H27: 1 | I27: 1 | J27: 1 | K27: 1 | L27: 1 | M27: 1 | N27: 1 | O27: 1 | P27: 1 | Q27: 1 | R27: 1 | S27: 1 | T27: 1 | U27: 1 | V27: 1 | W27: 1 | X27: 1 | Y27: 1 | AC27: =SUM(I27:AB27) -> 17 | AD27: =+E27*(1+F27)*G27*H27*AC27 -> 1.8250187e+08
C28: Ingeniero Residente Instalaciones y Equipos | D28: mes | E28: =7873417 -> 7873417 | F28: 0.3635 | G28: 1 | H28: 1 | I28: 1 | J28: 1 | K28: 1 | L28: 1 | M28: 1 | N28: 1 | O28: 1 | P28: 1 | Q28: 1 | R28: 1 | S28: 1 | T28: 1 | U28: 1 | V28: 1 | W28: 1 | X28: 1 | Y28: 1 | AC28: =SUM(I28:AB28) -> 17 | AD28: =+E28*(1+F28)*G28*H28*AC28 -> 1.8250187e+08
C29: Arquitecto Residente Acabados | D29: mes | E29: =7873417 -> 7873417 | F29: 0.3635 | G29: 1 | H29: 1 | I29: 1 | J29: 1 | K29: 1 | L29: 1 | M29: 1 | N29: 1 | O29: 1 | P29: 1 | Q29: 1 | R29: 1 | S29: 1 | T29: 1 | U29: 1 | V29: 1 | W29: 1 | X29: 1 | Y29: 1 | AC29: =SUM(I29:AB29) -> 17 | AD29: =+E29*(1+F29)*G29*H29*AC29 -> 1.8250187e+08
C30: Ing. Residente Administrativo | D30: mes | E30: =5658694 -> 5658694 | F30: 0.3635 | G30: 1 | H30: 1 | I30: 1 | J30: 1 | K30: 1 | L30: 1 | M30: 1 | N30: 1 | O30: 1 | P30: 1 | Q30: 1 | R30: 1 | S30: 1 | T30: 1 | U30: 1 | V30: 1 | W30: 1 | X30: 1 | Y30: 1 | AC30: =SUM(I30:AB30) -> 17 | AD30: =+E30*(1+F30)*G30*H30*AC30 -> 1.311657e+08
C31: Ing. Residente Seguridad Industrial | D31: mes | E31: 4443433.4 | F31: 0.3635 | G31: 1 | H31: 1 | I31: 1 | J31: 1 | K31: 1 | L31: 1 | M31: 1 | N31: 1 | O31: 1 | P31: 1 | Q31: 1 | R31: 1 | S31: 1 | T31: 1 | U31: 1 | V31: 1 | W31: 1 | X31: 1 | Y31: 1 | AC31: =SUM(I31:AB31) -> 17 | AD31: =+E31*(1+F31)*G31*H31*AC31 -> 1.0299656e+08
C32: Maestro | D32: mes | E32: =1860405 -> 1860405 | F32: 0.4757 | G32: 1 | H32: 1 | I32: 1 | J32: 1 | K32: 1 | L32: 1 | M32: 1 | N32: 1 | O32: 1 | P32: 1 | Q32: 1 | R32: 1 | S32: 1 | T32: 1 | U32: 1 | V32: 1 | W32: 1 | X32: 1 | Y32: 1 | AC32: =SUM(I32:AB32) -> 17 | AD32: =+E32*(1+F32)*G32*H32*AC32 -> 46671794
C33: Constramaestro | D33: mes | E33: =1376175 -> 1376175 | F33: 0.4757 | G33: 1 | H33: 1 | AC33: =SUM(I33:AB33) -> 0 | AD33: =+E33*(1+F33)*G33*H33*AC33 -> 0
C34: Almacenista | D34: mes | E34: =1528111 -> 1528111 | F34: 0.4757 | G34: 1 | H34: 1 | I34: 1 | J34: 1 | K34: 1 | L34: 1 | M34: 1 | N34: 1 | O34: 1 | P34: 1 | Q34: 1 | R34: 1 | S34: 1 | T34: 1 | U34: 1 | V34: 1 | W34: 1 | X34: 1 | Y34: 1 | AC34: =SUM(I34:AB34) -> 17 | AD34: =+E34*(1+F34)*G34*H34*AC34 -> 38335568
C35: Auxiliar de Almacen | D35: mes | E35: =1022000 -> 1022000 | F35: 0.4757 | G35: 1 | H35: 1 | AC35: =SUM(I35:AB35) -> 0 | AD35: =+E35*(1+F35)*G35*H35*AC35 -> 0
C36: Topografo | D36: mes | E36: =2218189 -> 2218189 | F36: 0.4757 | G36: 1 | H36: 1 | I36: 1 | J36: 1 | K36: 1 | L36: 1 | M36: 1 | N36: 1 | O36: 1 | P36: 1 | Q36: 1 | R36: 1 | S36: 1 | T36: 1 | U36: 1 | V36: 1 | W36: 1 | X36: 1 | Y36: 1 | AC36: =SUM(I36:AB36) -> 17 | AD36: =+E36*(1+F36)*G36*H36*AC36 -> 55647486
C37: Candenero 1 | D37: mes | E37: =1377126 -> 1377126 | F37: 0.4757 | G37: 1 | H37: 1 | I37: 1 | J37: 1 | K37: 1 | L37: 1 | M37: 1 | N37: 1 | O37: 1 | P37: 1 | Q37: 1 | R37: 1 | S37: 1 | T37: 1 | U37: 1 | V37: 1 | W37: 1 | X37: 1 | Y37: 1 | AC37: =SUM(I37:AB37) -> 17 | AD37: =+E37*(1+F37)*G37*H37*AC37 -> 34547822
C38: Oficiales | D38: mes | E38: =955000 -> 955000 | F38: 0.4757 | G38: 1 | H38: 1 | AC38: =SUM(I38:AB38) -> 0 | AD38: =+E38*(1+F38)*G38*H38*AC38 -> 0
C39: Ayudantes | D39: mes | E39: =670000 -> 670000 | F39: 0.4757 | G39: 1 | H39: 1 | AC39: =SUM(I39:AB39) -> 0 | AD39: =+E39*(1+F39)*G39*H39*AC39 -> 0
C40: Conductor | D40: mes | E40: =1671304.03 -> 1671304 | F40: 0.4757 | G40: 1 | H40: 1 | I40: 1 | J40: 1 | K40: 1 | L40: 1 | M40: 1 | N40: 1 | O40: 1 | P40: 1 | Q40: 1 | R40: 1 | S40: 1 | T40: 1 | U40: 1 | V40: 1 | W40: 1 | X40: 1 | Y40: 1 | AC40: =SUM(I40:AB40) -> 17 | AD40: =+E40*(1+F40)*G40*H40*AC40 -> 41927837
C41: Secretaria | D41: mes | E41: =1198053 -> 1198053 | F41: 0.4757 | G41: 1 | H41: 1 | AC41: =SUM(I41:AB41) -> 0 | AD41: =+E41*(1+F41)*G41*H41*AC41 -> 0
C42: Mensajero | D42: mes | E42: =998185 -> 998185 | F42: 0.4757 | G42: 1 | H42: 1 | I42: 1 | J42: 1 | K42: 1 | L42: 1 | M42: 1 | N42: 1 | O42: 1 | P42: 1 | Q42: 1 | R42: 1 | S42: 1 | T42: 1 | U42: 1 | V42: 1 | W42: 1 | X42: 1 | Y42: 1 | AC42: =SUM(I42:AB42) -> 17 | AD42: =+E42*(1+F42)*G42*H42*AC42 -> 25041367
AD43: =SUM(AD26:AD42) -> 1.143584e+09 | AG43: =+$AD43*AG$12 -> 5.4051526e+08 | AI43: =+$AD43*AI$12 -> 6.0306876e+08 | AM43: =+AG43+AI43+AK43 -> 1.143584e+09
B44: Asesores
C45: Especialista Geotecnico (12 años) | D45: mes | E45: 8632086.4 | F45: 0.3635 | G45: 0.15 | H45: 1 | I45: 1 | J45: 1 | K45: 1 | L45: 1 | M45: 1 | AC45: =SUM(I45:AB45) -> 5 | AD45: =+E45*(1+F45)*G45*H45*AC45 -> 8827387.4
C46: Especialista Estructural (12 años) | D46: mes | E46: 8632086.4 | F46: 0.3635 | G46: 0.25 | H46: 1 | I46: 1 | J46: 1 | K46: 1 | L46: 1 | M46: 1 | N46: 1 | O46: 1 | P46: 1 | Q46: 1 | R46: 1 | S46: 1 | AC46: =SUM(I46:AB46) -> 11 | AD46: =+E46*(1+F46)*G46*H46*AC46 -> 32367087
C47: Especialista Hidraulico (12 años) | D47: mes | E47: 8632086.4 | F47: 0.3635 | G47: 0.25 | H47: 1 | M47: 1 | N47: 1 | O47: 1 | P47: 1 | Q47: 1 | R47: 1 | S47: 1 | T47: 1 | U47: 1 | V47: 1 | W47: 1 | X47: 1 | AC47: =SUM(I47:AB47) -> 12 | AD47: =+E47*(1+F47)*G47*H47*AC47 -> 35309550
C48: Especialista Electrico (12 años) | D48: mes | E48: 8632086.4 | F48: 0.3635 | G48: 0.25 | H48: 1 | M48: 1 | N48: 1 | O48: 1 | P48: 1 | Q48: 1 | R48: 1 | S48: 1 | T48: 1 | U48: 1 | V48: 1 | W48: 1 | X48: 1 | AC48: =SUM(I48:AB48) -> 12 | AD48: =+E48*(1+F48)*G48*H48*AC48 -> 35309550
C49: Especialista Mecanico (12 años) | D49: mes | E49: 8632086.4 | F49: 0.3635 | G49: 0.25 | H49: 1 | P49: 1 | Q49: 1 | R49: 1 | S49: 1 | T49: 1 | U49: 1 | V49: 1 | W49: 1 | X49: 1 | AC49: =SUM(I49:AB49) -> 9 | AD49: =+E49*(1+F49)*G49*H49*AC49 -> 26482162
C50: Especialista Automatizacion (12 años) | D50: mes | E50: 8632086.4 | F50: 0.3635 | G50: 0.15 | H50: 1 | R50: 1 | S50: 1 | T50: 1 | U50: 1 | V50: 1 | W50: 1 | X50: 1 | AC50: =SUM(I50:AB50) -> 7 | AD50: =+E50*(1+F50)*G50*H50*AC50 -> 12358342
C51: Especialista Gases Especiales (12 años | D51: mes | E51: 8632086.4 | F51: 0.3635 | G51: 0.15 | H51: 1 | R51: 1 | S51: 1 | T51: 1 | U51: 1 | V51: 1 | W51: 1 | X51: 1 | AC51: =SUM(I51:AB51) -> 7 | AD51: =+E51*(1+F51)*G51*H51*AC51 -> 12358342
C52: Especialista Ambiental (12 años) | D52: mes | E52: 8632086.4 | F52: 0.3635 | G52: 0.15 | H52: 1 | R52: 1 | S52: 1 | T52: 1 | U52: 1 | V52: 1 | W52: 1 | X52: 1 | AC52: =SUM(I52:AB52) -> 7 | AD52: =+E52*(1+F52)*G52*H52*AC52 -> 12358342
C53: Especialista Arquitectura (12 años) | D53: mes | E53: 8632086.4 | F53: 0.3635 | G53: 0.25 | H53: 1 | M53: 1 | N53: 1 | O53: 1 | P53: 1 | Q53: 1 | R53: 1 | S53: 1 | T53: 1 | U53: 1 | V53: 1 | W53: 1 | X53: 1 | AC53: =SUM(I53:AB53) -> 12 | AD53: =+E53*(1+F53)*G53*H53*AC53 -> 35309550
C54: Especialista Seguridad Industrial (12 años) | D54: mes | E54: 8632086.4 | F54: 0.3635 | G54: 0.25 | H54: 1 | I54: 1 | J54: 1 | K54: 1 | L54: 1 | M54: 1 | N54: 1 | O54: 1 | P54: 1 | Q54: 1 | R54: 1 | S54: 1 | T54: 1 | U54: 1 | V54: 1 | W54: 1 | X54: 1 | AC54: =SUM(I54:AB54) -> 16 | AD54: =+E54*(1+F54)*G54*H54*AC54 -> 47079399
C55: Especialista Costos y Programacion (12 años) | D55: mes | E55: 8632086.4 | F55: 0.3635 | G55: 0.25 | H55: 1 | I55: 1 | J55: 1 | K55: 1 | L55: 1 | M55: 1 | N55: 1 | O55: 1 | P55: 1 | Q55: 1 | R55: 1 | S55: 1 | T55: 1 | U55: 1 | V55: 1 | W55: 1 | X55: 1 | AC55: =SUM(I55:AB55) -> 16 | AD55: =+E55*(1+F55)*G55*H55*AC55 -> 47079399
AD56: =SUM(AD45:AD55) -> 3.0483911e+08 | AG56: =+$AD56*AG$12 -> 1.4408228e+08 | AI56: =+$AD56*AI$12 -> 1.6075683e+08 | AM56: =+AG56+AI56+AK56 -> 3.0483911e+08
B57: Servicios Publicos
C58: Servicio de Acueducto | D58: mes | E58: 350000 | H58: 1 | I58: 1 | J58: 1 | K58: 1 | L58: 1 | M58: 1 | N58: 1 | O58: 1 | P58: 1 | Q58: 1 | R58: 1 | S58: 1 | T58: 1 | U58: 1 | V58: 1 | W58: 1 | X58: 1 | Y58: 1 | AC58: =SUM(I58:AB58) -> 17 | AD58: =+E58*H58*AC58 -> 5950000
C59: Servicio de Energia | D59: mes | E59: 250000 | H59: 1 | I59: 1 | J59: 1 | K59: 1 | L59: 1 | M59: 1 | N59: 1 | O59: 1 | P59: 1 | Q59: 1 | R59: 1 | S59: 1 | T59: 1 | U59: 1 | V59: 1 | W59: 1 | X59: 1 | Y59: 1 | AC59: =SUM(I59:AB59) -> 17 | AD59: =+E59*H59*AC59 -> 4250000
C60: Servicio de Telefono | D60: mes | E60: 250000 | H60: 1 | I60: 1 | J60: 1 | K60: 1 | L60: 1 | M60: 1 | N60: 1 | O60: 1 | P60: 1 | Q60: 1 | R60: 1 | S60: 1 | T60: 1 | U60: 1 | V60: 1 | W60: 1 | X60: 1 | Y60: 1 | AC60: =SUM(I60:AB60) -> 17 | AD60: =+E60*H60*AC60 -> 4250000
C61: Servicio de Internet | D61: mes | E61: 150000 | H61: 1 | I61: 1 | J61: 1 | K61: 1 | L61: 1 | M61: 1 | N61: 1 | O61: 1 | P61: 1 | Q61: 1 | R61: 1 | S61: 1 | T61: 1 | U61: 1 | V61: 1 | W61: 1 | X61: 1 | Y61: 1 | AC61: =SUM(I61:AB61) -> 17 | AD61: =+E61*H61*AC61 -> 2550000
C62: Servicio de Celular | D62: mes | E62: 260000 | H62: 1 | I62: 1 | J62: 1 | K62: 1 | L62: 1 | M62: 1 | N62: 1 | O62: 1 | P62: 1 | Q62: 1 | R62: 1 | S62: 1 | T62: 1 | U62: 1 | V62: 1 | W62: 1 | X62: 1 | Y62: 1 | AC62: =SUM(I62:AB62) -> 17 | AD62: =+E62*H62*AC62 -> 4420000
AD63: =SUM(AD58:AD62) -> 21420000 | AG63: =+$AD63*AG$12 -> 10124168 | AI63: =+$AD63*AI$12 -> 11295832 | AM63: =+AG63+AI63+AK63 -> 21420000
B64: Equipo Oficinas
C65: Computador alq. Amortiz-mes | D65: mes | E65: 2000000 | H65: 1 | I65: 5 | AC65: =SUM(I65:AB65) -> 5 | AD65: =+E65*H65*AC65 -> 10000000
C66: Impresora Laser. Amortiz-mes | D66: mes | E66: 500000 | H66: 1 | I66: 1 | AC66: =SUM(I66:AB66) -> 1 | AD66: =+E66*H66*AC66 -> 500000
C67: Licencia sofwar | D67: mes | E67: 1000000 | H67: 1 | I67: 5 | AC67: =SUM(I67:AB67) -> 5 | AD67: =+E67*H67*AC67 -> 5000000
AD68: =SUM(AD65:AD67) -> 15500000 | AG68: =+$AD68*AG$12 -> 7326078.7 | AI68: =+$AD68*AI$12 -> 8173921.3 | AM68: =+AG68+AI68+AK68 -> 15500000
B69: Gastos Generales
C70: SEGURIDAD INDUSTRIAL
C71: Informes de Gestion social | D71: mes | E71: 180000 | H71: 1 | I71: 1 | J71: 1 | K71: 1 | L71: 1 | M71: 1 | N71: 1 | O71: 1 | P71: 1 | Q71: 1 | R71: 1 | S71: 1 | T71: 1 | U71: 1 | V71: 1 | W71: 1 | X71: 1 | Y71: 1 | AC71: =SUM(I71:AB71) -> 17 | AD71: =+E71*H71*AC71 -> 3060000
C72: Informes de Manejo Ambiental | D72: mes | E72: 180000 | H72: 1 | I72: 1 | J72: 1 | K72: 1 | L72: 1 | M72: 1 | N72: 1 | O72: 1 | P72: 1 | Q72: 1 | R72: 1 | S72: 1 | T72: 1 | U72: 1 | V72: 1 | W72: 1 | X72: 1 | Y72: 1 | AC72: =SUM(I72:AB72) -> 17 | AD72: =+E72*H72*AC72 -> 3060000
C73: Manejo de Trafico Vias Aledañas | D73: mes | E73: 180000 | H73: 1 | I73: 1 | J73: 1 | K73: 1 | L73: 1 | M73: 1 | N73: 1 | O73: 1 | P73: 1 | Q73: 1 | R73: 1 | S73: 1 | T73: 1 | U73: 1 | V73: 1 | W73: 1 | X73: 1 | Y73: 1 | AC73: =SUM(I73:AB73) -> 17 | AD73: =+E73*H73*AC73 -> 3060000
C74: CAJA MENOR | D74: mes | E74: 1100000 | H74: 1 | I74: 1 | J74: 1 | K74: 1 | L74: 1 | M74: 1 | N74: 1 | O74: 1 | P74: 1 | Q74: 1 | R74: 1 | S74: 1 | T74: 1 | U74: 1 | V74: 1 | W74: 1 | X74: 1 | Y74: 1 | AC74: =SUM(I74:AB74) -> 17 | AD74: =+E74*H74*AC74 -> 18700000
C75: CONTROL DE CALIDAD | D75: mes | E75: 1110000 | H75: 1 | I75: 1 | J75: 1 | K75: 1 | L75: 1 | M75: 1 | N75: 1 | O75: 1 | P75: 1 | Q75: 1 | R75: 1 | S75: 1 | T75: 1 | U75: 1 | V75: 1 | W75: 1 | X75: 1 | Y75: 1 | AC75: =SUM(I75:AB75) -> 17 | AD75: =+E75*H75*AC75 -> 18870000
C76: PAPELERIA OFICINA y TRAMITES | D76: mes | E76: 1100000 | H76: 1 | I76: 1 | J76: 1 | K76: 1 | L76: 1 | M76: 1 | N76: 1 | O76: 1 | P76: 1 | Q76: 1 | R76: 1 | S76: 1 | T76: 1 | U76: 1 | V76: 1 | W76: 1 | X76: 1 | Y76: 1 | AC76: =SUM(I76:AB76) -> 17 | AD76: =+E76*H76*AC76 -> 18700000
C77: PLANOS PARA EJECUCION
C78: Para el constructor | D78: Jgo | E78: 335000 | H78: 1 | I78: 1 | AC78: =SUM(I78:AB78) -> 1 | AD78: =+E78*H78*AC78 -> 335000
C79: Para la Interventoria | D79: Jgo | E79: 335000 | H79: 1 | I79: 1 | AC79: =SUM(I79:AB79) -> 1 | AD79: =+E79*H79*AC79 -> 335000
C80: PLANOS RECORD
C81: Levantamiento y dibujo | D81: und | E81: 1100000 | H81: 1 | Y81: 1 | AC81: =SUM(I81:AB81) -> 1 | AD81: =+E81*H81*AC81 -> 1100000
C82: Ploteo en original y ribete | D82: und | E82: 1700000 | H82: 1 | Y82: 1 | AC82: =SUM(I82:AB82) -> 1 | AD82: =+E82*H82*AC82 -> 1700000
C83: MANUAL DE MANTENIMIENTO | D83: und | E83: 1100000 | H83: 1 | Y83: 1 | AC83: =SUM(I83:AB83) -> 1 | AD83: =+E83*H83*AC83 -> 1100000
C84: MANTENIMIENTO CAMPAMENTO | D84: mes | E84: 555000 | H84: 1 | I84: 1 | J84: 1 | K84: 1 | L84: 1 | M84: 1 | N84: 1 | O84: 1 | P84: 1 | Q84: 1 | R84: 1 | S84: 1 | T84: 1 | U84: 1 | V84: 1 | W84: 1 | X84: 1 | Y84: 1 | AC84: =SUM(I84:AB84) -> 17 | AD84: =+E84*H84*AC84 -> 9435000
C85: RADIOS | D85: und | E85: 445000 | H85: 1 | I85: 5 | AC85: =SUM(I85:AB85) -> 5 | AD85: =+E85*H85*AC85 -> 2225000
C86: CAMIONETA | D86: mes | E86: 4703834 | H86: 1 | I86: 1 | J86: 1 | K86: 1 | L86: 1 | M86: 1 | N86: 1 | O86: 1 | P86: 1 | Q86: 1 | R86: 1 | S86: 1 | T86: 1 | U86: 1 | V86: 1 | W86: 1 | X86: 1 | Y86: 1 | AC86: =SUM(I86:AB86) -> 17 | AD86: =+E86*H86*AC86 -> 79965178
C87: SECUENCIA FOTOGRAFICA | D87: mes | E87: 225000 | H87: 1 | I87: 1 | J87: 1 | K87: 1 | L87: 1 | M87: 1 | N87: 1 | O87: 1 | P87: 1 | Q87: 1 | R87: 1 | S87: 1 | T87: 1 | U87: 1 | V87: 1 | W87: 1 | X87: 1 | Y87: 1 | AC87: =SUM(I87:AB87) -> 17 | AD87: =+E87*H87*AC87 -> 3825000
C88: IMPRESIONES A COLOR | D88: mes | E88: 110000 | H88: 1 | I88: 1 | J88: 1 | K88: 1 | L88: 1 | M88: 1 | N88: 1 | O88: 1 | P88: 1 | Q88: 1 | R88: 1 | S88: 1 | T88: 1 | U88: 1 | V88: 1 | W88: 1 | X88: 1 | Y88: 1 | AC88: =SUM(I88:AB88) -> 17 | AD88: =+E88*H88*AC88 -> 1870000
C89: ENTREGAS MEDIO MAGNETICO | D89: mes | E89: 55000 | H89: 1 | I89: 1 | J89: 1 | K89: 1 | L89: 1 | M89: 1 | N89: 1 | O89: 1 | P89: 1 | Q89: 1 | R89: 1 | S89: 1 | T89: 1 | U89: 1 | V89: 1 | W89: 1 | X89: 1 | Y89: 1 | AC89: =SUM(I89:AB89) -> 17 | AD89: =+E89*H89*AC89 -> 935000
C90: SEÑALIZACION MANEJO TRAFICO | D90: mes | E90: 885000 | H90: 1 | I90: 1 | J90: 1 | K90: 1 | L90: 1 | M90: 1 | N90: 1 | O90: 1 | P90: 1 | Q90: 1 | R90: 1 | S90: 1 | T90: 1 | U90: 1 | V90: 1 | W90: 1 | X90: 1 | Y90: 1 | AC90: =SUM(I90:AB90) -> 17 | AD90: =+E90*H90*AC90 -> 15045000
C91: VALLA INFORMATIVA 3x6 | D91: und | E91: 3700000 | H91: 1 | I91: 1 | AC91: =SUM(I91:AB91) -> 1 | AD91: =+E91*H91*AC91 -> 3700000
C92: Herramientas y Elementos | D92: mes | E92: 2215000 | H92: 1 | I92: 1 | J92: 1 | K92: 1 | L92: 1 | M92: 1 | N92: 1 | O92: 1 | P92: 1 | Q92: 1 | R92: 1 | S92: 1 | T92: 1 | U92: 1 | V92: 1 | W92: 1 | X92: 1 | Y92: 1 | AC92: =SUM(I92:AB92) -> 17 | AD92: =+E92*H92*AC92 -> 37655000
C93: Mantenimiento Equipos | D93: mes | E93: 2770000 | H93: 1 | I93: 1 | J93: 1 | K93: 1 | L93: 1 | M93: 1 | N93: 1 | O93: 1 | P93: 1 | Q93: 1 | R93: 1 | S93: 1 | T93: 1 | U93: 1 | V93: 1 | W93: 1 | X93: 1 | Y93: 1 | AC93: =SUM(I93:AB93) -> 17 | AD93: =+E93*H93*AC93 -> 47090000
C94: Trasiego | D94: mes | E94: 1100000 | H94: 1 | I94: 1 | J94: 1 | K94: 1 | L94: 1 | M94: 1 | N94: 1 | O94: 1 | P94: 1 | Q94: 1 | R94: 1 | S94: 1 | T94: 1 | U94: 1 | V94: 1 | W94: 1 | X94: 1 | Y94: 1 | AC94: =SUM(I94:AB94) -> 17 | AD94: =+E94*H94*AC94 -> 18700000
C95: Seguridad Industrial (Dotacion) | D95: mes | E95: 2000000 | H95: 1 | I95: 1 | J95: 1 | K95: 1 | L95: 1 | M95: 1 | N95: 1 | O95: 1 | P95: 1 | Q95: 1 | R95: 1 | S95: 1 | T95: 1 | U95: 1 | V95: 1 | W95: 1 | X95: 1 | Y95: 1 | AC95: =SUM(I95:AB95) -> 17 | AD95: =+E95*H95*AC95 -> 34000000
C96: Salud Ocupacional | D96: mes | E96: 1100000 | H96: 1 | I96: 1 | J96: 1 | K96: 1 | L96: 1 | M96: 1 | N96: 1 | O96: 1 | P96: 1 | Q96: 1 | R96: 1 | S96: 1 | T96: 1 | U96: 1 | V96: 1 | W96: 1 | X96: 1 | Y96: 1 | AC96: =SUM(I96:AB96) -> 17 | AD96: =+E96*H96*AC96 -> 18700000
C97: Ensayos de laboratorio | D97: mes | E97: 3000000 | H97: 1 | I97: 1 | J97: 1 | K97: 1 | L97: 1 | M97: 1 | N97: 1 | O97: 1 | P97: 1 | Q97: 1 | R97: 1 | S97: 1 | T97: 1 | U97: 1 | V97: 1 | W97: 1 | X97: 1 | Y97: 1 | AC97: =SUM(I97:AB97) -> 17 | AD97: =+E97*H97*AC97 -> 51000000
C98: Vigilancia | D98: mes | E98: =15515000*0.5 -> 7757500 | H98: 1 | I98: 1 | J98: 1 | K98: 1 | L98: 1 | M98: 1 | N98: 1 | O98: 1 | P98: 1 | Q98: 1 | R98: 1 | S98: 1 | T98: 1 | U98: 1 | V98: 1 | W98: 1 | X98: 1 | Y98: 1 | AC98: =SUM(I98:AB98) -> 17 | AD98: =+E98*H98*AC98 -> 131877500
AD99: =SUM(AD71:AD98) -> 526042678 | AG99: =+$AD99*AG$12 -> 2.486342e+08 | AI99: =+$AD99*AI$12 -> 2.7740848e+08 | AM99: =+AG99+AI99+AK99 -> 526042678
B100: Legalizacion del Contrato
C101: IMPUESTO DE TIMBRE (0,25%) | D101: % | E101: No Aplica | AD101: 0
C102: PUBLICACION (S/TABLA) | D102: und | E102: No Aplica | AD102: 0
AD103: =SUM(AD101:AD102) -> 0 | AG103: 0 | AI103: 0 | AM103: =+AG103+AI103+AK103 -> 0
B104: Polizas
B105: 0.3 | C105: Buena manejjo Anticipo (sobre anticipo 30%) | D105: % | E105: 0.0046207584 | AD105: =+AD$23*$B105*$E105 -> 52280556
C106: Cumplimiento del Contrato (sobre valor total contrato) | D106: % | E106: 0.0013862275 | AD106: =+AD$23*$E106 -> 52280556
C107: Pago de Salaros, Prestaciones Sociales e Indemnizaciones (sobre valor total contrato) | D107: % | E107: 0.0021108464 | AD107: =+AD$23*$E107 -> 79609028
B108: 0.27515033 | C108: Calidad y Correcto Fucionamiento Bienes y Equipos Suministrados (sobre valor bienes y equipos) | D108: % | E108: 0.0022988947 | AD108: =+AD$23*$B108*$E108 -> 23855845
C109: Estabilidad y Calidad de la Obra (sobre valor total contrato) | D109: % | E109: 0.0035600843 | AD109: =+AD$23*$E109 -> 1.3426597e+08
...

Sheet Gastos Generales
B6: OBJETO: SERVICIO DE INTERVENTORIA TÉCNICA, ADMINISTRATIVA, FINANCIERA, AMBIENTAL, CONTABLE Y JURÍDICA SOBRE LA ADECUACIÓN Y DOTACIÓN, INCLUIDOS LOS DISEÑOS REQUERIDOS, PARA LAS ÁREAS INTERNAS DEL EDIFICIO SENDAS, SEDE DE LA DIRECCIÓN DE IMPUESTOS Y ADUANAS NACIONALES – DIAN, UBICADO EN LA CARRERA 7 NO. 6C – 54 DE LA CIUDAD DE BOGOTÁ
B7: ANEXO No. 2.1 GASTOS GENERALES
B8: Descripción | C8: Cantidad por mes | D8: Vr. Unit | E8: Vr.total
B9: Guantes (Caja x 100) | C9: 3 | D9: =ROUND(((82550+54900)/2),0) -> 68725 | E9: =+C9*D9 -> 206175
B10: Tapabocas (Caja x 50) | C10: 4 | D10: =ROUND(((17900+15990+15990+18590)/4),0) -> 17118 | E10: =+C10*D10 -> 68472
B11: Caretas | C11: 9 | D11: =ROUND(((29000+39900+9900+16900)/4),0) -> 23925 | E11: =+C11*D11 -> 215325
B12: Alcohol etílico al 70% x 20 litros | C12: 1 | D12: =ROUND(((80500+124900+103200)/3),0) -> 102867 | E12: =+C12*D12 -> 102867
B13: Gel antibacterial x 4 litros | C13: 1 | D13: =ROUND(((39900+39900+30000)/3),0) -> 36600 | E13: =+C13*D13 -> 36600
B14: Insumos para impresión (toner y/o y tintas) | C14: 1 | D14: =ROUND(((134000+121900+149900)/3),0) -> 135267 | E14: =+C14*D14 -> 135267
B15: Entregas Medios mágnéticos | C15: 1 | D15: 50000 | E15: =+C15*D15 -> 50000
B16: Mensajería y trámites de correspondencia | C16: 1 | D16: 120000 | E16: =+C16*D16 -> 120000
B17: Transporte | C17: 1 | D17: 110000 | E17: =+C17*D17 -> 110000
B18: Impresión de planos | C18: 10 | D18: =ROUND(((30000+25000+10200+17000)/4),0) -> 20550 | E18: =+C18*D18 -> 205500
B19: Productos limpieza y desinfección oficina | C19: 1 | D19: =ROUND(((39900+80000+208000)/3),0) -> 109300 | E19: =+C19*D19 -> 109300
B20: Productos e insumos de papelería | C20: 1 | D20: =ROUND(((211000+109880)/2),0) -> 160440 | E20: =+C20*D20 -> 160440
D21: Total mensual: | E21: =SUM(E9:E18) -> 1250206
B23: Nota 1: En el valor de cada uno de los elementos constitutivos de los gastos generales, se encuentra incluido el valor del impuesto al valor Agregado IVA cuando sea aplicable según el Estatuto Triburario, y demás normas emitidas por el Gobierno Nacional en lo referido a la exención de bienes durante la vigencia de la Emergencia Sanitaria declarada por el Ministerio de Salud y Protección Social, con ocasión de la pandemia derivada del Coronavirus COVID-19.
B24: Nota 2: Por lo anterior, será responsabilidad del Adjudicatario presentar los correspondientes soportes contables con la inclusión del IVA o no ante el supervisor del contrato, según corresponda y aplique en la normatividad vigente .
